 Dungeon Crawl Stone Soup version 0.21-a0-442-g848f44b (webtiles) character file.

21349 kae the Geomancer (level 12, -3/88 HPs)
             Began as a Gargoyle Earth Elementalist on Nov 13, 2017.
             Was a Priest of Vehumet.
             Slain by Rupert
             ... wielding a +2 battleaxe of distortion
              (37 damage)
             ... on level 4 of the Lair of Beasts.
             The game lasted 00:20:35 (17669 turns).

kae the Geomancer (Gargoyle Earth Elementalist)    Turns: 17669, Time: 00:20:36

Health: -3/88      AC: 17    Str: 17    XL:     12   Next: 89%
Magic:  34/34      EV: 14    Int: 20    God:    Vehumet [***...]
Gold:   834        SH:  0    Dex: 10    Spells: 21/30 levels left

rFire    . . .     SeeInvis +   Z - +7 quarterstaff "Wuupn" {elec, rN++ MR- Str+4}
rCold    . . .     Gourm    .   (shield currently unavailable)
rNeg     + + +     Faith    .   D - +0 robe
rPois    ∞         Spirit   .   h - +2 hat
rElec    +         Reflect  .   s - +0 cloak
rCorr    .         Harm     .   O - +2 pair of gloves
MR       .....                  K - +0 pair of boots of the Devil {rElec Stlth+}
Stlth    +++.......             y - amulet of Vitality {Regen+ HP+15}
HPRegen  0.64/turn              R - ring of magical power
MPRegen  0.24/turn              g - ring of see invisible

@: no status effects
A: negative energy resistance 1, electricity resistance, unbreathing,
petrification resistance, rot immunity, AC +8
a: Renounce Religion


You were on level 4 of the Lair of Beasts.
You worshipped Vehumet.
Vehumet was most pleased with you.
You were not hungry.

You visited 3 branches of the dungeon, and saw 15 of its levels.

You collected 1036 gold pieces.
You spent 202 gold pieces at shops.

Inventory:

Hand Weapons
 Z - the +7 quarterstaff "Wuupn" (weapon) {elec, rN++ MR- Str+4}
   (You found it on level 3 of the Lair of Beasts)

   Occasionally, upon striking a foe, it will discharge some electrical energy
   and cause terrible harm.
   It affects your strength (+4).
   It greatly protects you from negative energy.
   It affects your resistance to hostile enchantments.
Missiles
 b - 75 stones (quivered)
Armour
 h - a +2 hat (worn)
 s - a +0 cloak (worn)
 D - a +0 robe (worn)
 K - the +0 pair of boots of the Devil (worn) {rElec Stlth+}
   (You found it on level 3 of the Lair of Beasts)

   It insulates you from electricity.
   It makes you more stealthy.
 O - a +2 pair of gloves (worn)
Jewellery
 g - a ring of see invisible (right hand)
 y - the amulet of Vitality (around neck) {Regen+ HP+15}
   (You found it on level 9 of the Dungeon)

   [amulet of regeneration]

   It affects your health (+15).
   It increases your rate of regeneration.
 R - a ring of magical power (left hand)
Wands
 c - a wand of scattershot (4/9)
 j - a wand of flame (34/48)
 u - a wand of lightning (12/15)
 z - a wand of confusion (21/48)
 A - a wand of iceblast (13/15)
 C - a wand of flame (23/48)
 F - a wand of random effects (20/48)
 P - a wand of lightning (5/15)
 S - a wand of lightning (4/15)
 U - a wand of iceblast (7/15)
 V - a wand of confusion (23/48)
 W - a wand of enslavement (14/24)
Scrolls
 f - 2 scrolls of enchant weapon
 i - 4 scrolls of amnesia
 k - 3 scrolls of teleportation
 n - 2 scrolls of recharging
 r - 3 scrolls of remove curse
 v - 3 scrolls of magic mapping
 B - 2 scrolls of fog
 E - a scroll of immolation
 H - 6 scrolls of enchant armour
 M - 2 scrolls of identify
 Y - a scroll of silence
Potions
 m - 2 potions of agility
 o - a potion of magic
 q - a potion of resistance
 t - a potion of might
 x - a potion of cancellation
 G - 6 potions of curing
 L - 4 potions of heal wounds
 Q - 2 potions of lignification
 T - a potion of mutation
Books
 e - a book of Geomancy

   Spells                             Type                      Level
   a - Sandblast                      Earth                        1
   b - Passwall                       Transmutation/Earth          2
   c - Stone Arrow                    Conjuration/Earth            3
   d - Petrify                        Transmutation/Earth          4
   e - Lee's Rapid Deconstruction     Earth                        5
 J - a book of Battle

   Spells                             Type                      Level
   a - Infusion                       Charms                       1
   b - Shroud of Golubria             Charms/Translocation         2
   c - Song of Slaying                Charms                       2
   d - Spectral Weapon                Hexes/Charms                 3
   e - Regeneration                   Charms/Necromancy            3
 X - a book of Callings

   Spells                             Type                      Level
   a - Summon Small Mammal            Summoning                    1
   b - Call Imp                       Summoning                    2
   c - Call Canine Familiar           Summoning                    3
   d - Summon Guardian Golem          Hexes/Summoning              3
   e - Summon Lightning Spire         Summoning/Air                4
   f - Summon Ice Beast               Ice/Summoning                4
Comestibles
 a - 10 meat rations
 d - 10 bread rations
 l - 2 chunks of flesh
 w - 7 royal jellies
 N - 3 fruits


   Skills:
 + Level 7.9 Fighting
 * Level 2.4 Staves
 + Level 6.2 Dodging
 - Level 2.1 Stealth
   Level 4.0 Shields
 * Level 9.8 Spellcasting
 * Level 11.1 Conjurations
   Level 0.7 Transmutations
 * Level 12.7 Earth Magic


You had 21 spell levels left.
You knew the following spells:

 Your Spells              Type           Power        Failure   Level  Hunger
a - Sandblast             Erth           ######       1%          1    None
b - Stone Arrow           Conj/Erth      ######       1%          3    None
c - Lee's Rapid Deconstr  Erth           ######....   1%          5    #####..


Dungeon Overview and Level Annotations

Branches:
Dungeon (10/15)            Temple (1/1) D:5            Lair (4/6) D:10
 Shoals (0/4) Lair:2        Snake (0/4) Lair:2
    Orc: D:9-12

Altars:
Ashenzari
Cheibriados
Dithmenos
Elyvilon
Fedhas
Gozag
Hepliaklqana
Kikubaaqudgha
Makhleb
Nemelex Xobeh
Okawaru
Qazlal
Ru
Sif Muna
Trog
Uskayaw
Vehumet
Wu Jian
Xom
Yredelemnul
Zin
The Shining One

Shops:
D:8 [

Annotations:
Lair:4 Rupert


Innate Abilities, Weirdness & Mutations

You are resistant to torment.
Your stone body is resilient. (AC +8)
You are immune to poison.
You resist negative energy. (rN+)
You are resistant to electric shocks. (rElec)
You can survive without breathing.
You are immune to petrification.
You are immune to rotting.


Message History

Found a robe.
Rupert the Wild comes into view.
He is wielding a battleaxe of distortion.
Rupert shouts!
You hear an angry hiss.
Rupert roars madly and goes into a rage!
Rupert goes berserk!
Unknown command.
As you read the scroll labeled ETUUS MESIMUEL, it crumbles to dust.
You speak a Word of immense power!
It was a scroll of holy word.
Rupert hits you with a battleaxe of distortion!!
Space warps horribly around you!
A black mamba comes into view.
As you read the scroll of teleportation, it crumbles to dust.
You feel strangely unstable.
Rupert hits you with a battleaxe of distortion.
You feel strangely stable. The black mamba bites you!
Rupert hits you but does no damage. Space bends around you.
You hear an angry hiss.
A water moccasin comes into view.
Rupert hits you with a battleaxe of distortion!!!
You die...

#. ... # #.. # .. .# . #..
.##.#..# .. ..S##.....###..#
#.#.......#...P#
##..P.####..#.# .#..#
#P.....##[##..## ...#
#.......@......# ###..#
##...#....#@#...#####.#..##
#.......###..# ####.......#
###...PP#####..# ##P.##...(#
#...#.###P##...####....###..##
#P...###....................#
#....##..##...#####...###....
##...###.#....# ##..# #....
#....).#.....## ##.## ##...
###..#.####...# #..# #..#


You could see Rupert (berserk) and a water moccasin.

Vanquished Creatures
  Gastronok (Lair:2)
  Harold (Lair:3)
  A two-headed ogre (D:8)
  A lindwurm (Lair:4)
  5 elephants (Lair:2)
  6 spiny frogs
  A komodo dragon (Lair:3)
  A troll (D:9)
  A slime creature (Lair:1)
  6 hippogriffs
  2 wyverns (Lair:3)
  A human (D:7)
  19 yaks
  4 hogs (D:7)
  A hungry ghost (D:9)
  2 nagas (Lair:2)
  2 water moccasins (Lair:2)
  6 porcupines
  2 black bears (D:10)
  2 ice beasts
  5 orc warriors
  2 sky beasts
  2 ogres
  2 phantoms
  6 centaurs
  21 wolves
  4 crocodiles
  8 bullfrogs
  2 big kobolds
  A water moccasin zombie (D:4)
  A scorpion (D:9)
  A water moccasin skeleton (D:6)
  9 killer bees
  11 wights
  2 howler monkeys
  An electric eel (Lair:1)
  4 crimson imps
  A quasit (D:10)
  3 centaur zombies
  2 bullfrog skeletons
  4 centaur skeletons
  7 hounds
  11 jellies
  10 orc priests
  Crazy Yiuf (D:4)
  9 orc wizards
  A statue (D:9)
  2 worker ants
  A hound skeleton (D:9)
  A worker ant zombie (D:10)
  3 gnolls (D:7)
  A howler monkey skeleton (D:8)
  11 adders
  3 shadow imps
  12 oozes (Lair:1)
  An adder skeleton (D:8)
  3 adder zombies
  7 worms
  3 dart slugs
  6 leopard geckos
  35 orcs
  9 giant cockroaches
  2 hobgoblins
  6 iguanas
  7 jackals
  9 quokkas
  A ball python (D:3)
  7 bats
  5 frilled lizards
  6 goblins
  A jackal skeleton (D:7)
  14 kobolds
  8 rats
360 creatures vanquished.

Vanquished Creatures (others)
  10 fungi
  2 plants
12 creatures vanquished.

Grand Total: 372 creatures vanquished

Notes
Turn   | Place    | Note
-------+----------+-------------------------------------------
     0 | D:1      | kae the Gargoyle Earth Elementalist began the quest for the Orb.
     0 | D:1      | Reached XP level 1. HP: 10/10 MP: 3/3
   634 | D:1      | Reached XP level 2. HP: 9/15 MP: 1/5
   802 | D:1      | Reached skill level 4 in Earth Magic
  1821 | D:2      | Reached XP level 3. HP: 7/19 MP: 4/6
  1826 | D:2      | Learned a level 3 spell: Stone Arrow
  2476 | D:2      | Reached skill level 1 in Conjurations
  2692 | D:2      | Reached XP level 4. HP: 24/24 MP: 8/8
  3398 | D:3      | Reached XP level 5. HP: 11/28 MP: 2/9
  3409 | D:3      | Reached skill level 5 in Earth Magic
  3537 | D:3      | Reached skill level 1 in Fighting
  4121 | D:3      | Noticed a moth of wrath
  4124 | D:3      | Found a bloodstained altar of Trog.
  4255 | D:3      | Reached XP level 6. HP: 27/34 MP: 5/11
  5013 | D:4      | Reached XP level 7. HP: 40/40 MP: 6/12
  5058 | D:4      | Found a glowing golden altar of the Shining One.
  5204 | D:4      | Reached skill level 6 in Earth Magic
  5334 | D:4      | Found a runed door.
  5559 | D:4      | Noticed Crazy Yiuf
  5563 | D:4      | Killed Crazy Yiuf
  5606 | D:5      | Entered Level 5 of the Dungeon
  5606 | D:5      | Found a staircase to the Ecumenical Temple.
  5630 | Temple   | Entered the Ecumenical Temple
  5907 | D:5      | Found a shimmering altar of Xom.
  6164 | D:5      | Found a shimmering altar of Xom.
  6372 | D:6      | Reached XP level 8. HP: 45/45 MP: 8/14
  6399 | D:6      | Reached skill level 7 in Earth Magic
  6531 | D:6      | Reached skill level 5 in Conjurations
  6743 | D:6      | Reached skill level 5 in Spellcasting
  6943 | D:6      | Found a shattered altar of Ashenzari.
  8044 | D:7      | Reached XP level 9. HP: 34/52 MP: 5/17
  8178 | D:7      | Reached skill level 8 in Earth Magic
  8253 | D:7      | Found an ancient bone altar of Kikubaaqudgha.
  8626 | D:7      | Found a white marble altar of Elyvilon.
  8626 | D:7      | Found a burning altar of Makhleb.
  8626 | D:7      | Found a bloodstained altar of Trog.
  8631 | D:7      | Found a snail-covered altar of Cheibriados.
  8632 | D:7      | Found a deep blue altar of Sif Muna.
  8838 | D:7      | Reached skill level 1 in Shields
  8897 | D:7      | Reached skill level 9 in Earth Magic
  9339 | D:8      | Reached XP level 10. HP: 52/58 MP: 9/19
  9382 | D:8      | Reached skill level 5 in Fighting
  9684 | D:8      | Found Zaqyim's Antique Armour Boutique.
 10150 | D:8      | Noticed a two-headed ogre
 10209 | D:8      | Killed a two-headed ogre
 10655 | D:8      | Bought a pair of embroidered gloves for 202 gold pieces
 11024 | D:9      | Found the amulet of Vitality {Regen+ HP+15}
 11239 | D:9      | Reached skill level 10 in Earth Magic
 11485 | D:9      | Found a radiant altar of Vehumet.
 11520 | D:9      | Learned a level 5 spell: Lee's Rapid Deconstruction
 11527 | D:9      | Became a worshipper of Vehumet
 11616 | D:9      | Found an iron altar of Okawaru.
 11695 | D:9      | Reached XP level 11. HP: 64/64 MP: 13/22
 12352 | D:10     | Entered Level 10 of the Dungeon
 12447 | D:10     | Reached skill level 5 in Dodging
 12735 | D:10     | Reached * piety under Vehumet
 12735 | D:10     | Offered knowledge of Shock by Vehumet.
 12879 | D:10     | Reached skill level 11 in Earth Magic
 13087 | D:10     | Found a staircase to the Lair.
 13515 | Lair:1   | Entered Level 1 of the Lair of Beasts
 14332 | Lair:1   | Reached ** piety under Vehumet
 14337 | Lair:1   | Offered knowledge of Sting by Vehumet.
 14724 | Lair:2   | Offered knowledge of Throw Flame by Vehumet.
 14951 | Lair:2   | Found a staircase to the Shoals.
 14960 | Lair:2   | Noticed Gastronok
 14976 | Lair:2   | Reached skill level 10 in Conjurations
 14987 | Lair:2   | Reached XP level 12. HP: 68/72 MP: 9/24
 14989 | Lair:2   | Reached *** piety under Vehumet
 15125 | Lair:2   | Killed Gastronok
 15125 | Lair:2   | Reached skill level 12 in Earth Magic
 15308 | Lair:2   | Found a staircase to the Snake Pit.
 16119 | Lair:3   | Got a dazzling quarterstaff
 16125 | Lair:3   | Identified the +7 quarterstaff "Wuupn" {elec, rN++ MR- Str+4} (You found it on level 3 of the Lair of Beasts)
 16170 | Lair:3   | Noticed Harold
 16211 | Lair:3   | Offered knowledge of Iskenderun's Mystic Blast by Vehumet.
 16465 | Lair:3   | Reached skill level 1 in Staves
 17058 | Lair:3   | Got a pair of slimy boots
 17064 | Lair:3   | Identified the +0 pair of boots of the Devil {rElec Stlth+} (You found it on level 3 of the Lair of Beasts)
 17377 | Lair:3   | Killed Harold
 17663 | Lair:4   | Noticed Rupert
 17669 | Lair:4   | Slain by Rupert

Vault maps used:
D:1:      lemuel_arrival_broad_hall, minmay_parallelograms
D:3:      first_bread, hangedman_decor_peaks_small, tgw_trog
D:4:      old_standard_altar, uniq_crazy_yiuf_cottage
D:5:      minmay_temple_entry_overgrown, basic_altar, dk_xom_monty_hall
D:6:      evilmike_ruin_ashenzari
D:7:      minitemple, kennysheep_little_box, grunt_livestock
D:8:      serial_shops, nicolae_shop_waterfront
D:9:      vehumet_statue, kennysheep_mini
D:10:     lair_entry_dummy
Temple:   minmay_temple_bridge_abc
Lair:1:   lemuel_slime, minivault_11, serial_bayou_pond_c, serial_bayou_lake_a,
          serial_bayou_shore_b
Lair:2:   shoals_dummy_entry, guppyfry_snake_entry_garden, uniq_gastronok
Lair:3:   uniq_harold
Lair:4:   grunt_megastairs_3, serial_bayou_shore_b, uniq_rupert

Skill      XL: |  1  2  3  4  5  6  7  8  9 10 11 12 |
---------------+-------------------------------------+-----
Earth Magic    | 4 5 6 7 9 10 11 12 | 12.7
Conjurations   | 1 2 3 4 5 7 8 10 11 | 11.1
Spellcasting   | 3 4 5 6 7 8 9 |  9.8
Fighting       | 1 2 3 4 6 7 |  7.9
Dodging        | 2 3 4 5 6 |  6.2
Shields        | 2 3 4 |  4.0
Staves         | 2 |  2.4
Stealth        | |  2.1
Transmutations | |  0.7

Action                   |  1- 3 |  4- 6 |  7- 9 | 10-12 || total
-------------------------+-------+-------+-------+-------++-------
Melee: Unarmed           |    50 |       |       |       ||    50
       Club              |   121 |       |       |       ||   121
       Hand axe          |    17 |   183 |   187 |   146 ||   533
       Quarterstaff      |       |       |       |    12 ||    12
 Cast: Sandblast         |    13 |    48 |   121 |   209 ||   391
       Stone Arrow       |       |     2 |    32 |   184 ||   218
       Lee's Rapid Decon |       |       |       |    20 ||    20
  Use: Scroll            |     1 |     4 |       |    21 ||    26
       Potion            |       |     1 |       |       ||     1
 Stab: Sleeping          |     6 |     2 |     1 |     3 ||    12
       Distracted        |       |     1 |       |       ||     1
  Eat: Chunk             |     6 |     8 |    15 |    21 ||    50
       Fruit             |       |       |       |     3 ||     3
       Royal jelly       |       |       |       |     2 ||     2
       Bread ration      |       |       |       |     1 ||     1
Armor: Robe              |    69 |    88 |   134 |   190 ||   481
Dodge: Dodged            |   173 |   186 |   181 |   334 ||   874
Block: Buckler           |       |       |    12 |   100 ||   112

Table legend:
 A = Spawn XP
 B = Non-spawn XP
 C = Spawn XP percentage of total XP
 D = Spawn monster count
 E = Non-spawn monster count
 F = Spawn count percentage of total count
 G = Total turns spent on level
                    A         B        C        D         E        F      G
               +---------+---------+-------+---------+---------+-------+---------
         Total |       0 |   30499 |   0.0 |       0 |     360 |   0.0 | 17669
               +---------+---------+-------+---------+---------+-------+---------
           D:1 |       0 |      22 |   0.0 |       0 |      16 |   0.0 |  1544
           D:2 |       0 |      62 |   0.0 |       0 |      18 |   0.0 |  1219
           D:3 |       0 |     252 |   0.0 |       0 |      47 |   0.0 |  1968
           D:4 |       0 |     446 |   0.0 |       0 |      21 |   0.0 |   875
           D:5 |       0 |     275 |   0.0 |       0 |       9 |   0.0 |   733
           D:6 |       0 |     949 |   0.0 |       0 |      17 |   0.0 |  1360
           D:7 |       0 |    2207 |   0.0 |       0 |      42 |   0.0 |  1225
           D:8 |       0 |    2303 |   0.0 |       0 |      36 |   0.0 |  1817
           D:9 |       0 |    4210 |   0.0 |       0 |      38 |   0.0 |  1569
          D:10 |       0 |    2939 |   0.0 |       0 |      31 |   0.0 |  1115
        Lair:1 |       0 |    2183 |   0.0 |       0 |      30 |   0.0 |  1262
        Lair:2 |       0 |    9119 |   0.0 |       0 |      32 |   0.0 |  1275
        Lair:3 |       0 |    4701 |   0.0 |       0 |      21 |   0.0 |  1433
        Lair:4 |       0 |     831 |   0.0 |       0 |       2 |   0.0 |   184
               +---------+---------+-------+---------+---------+-------+---------
